Map: Efflorescence LE

Players

Tak

  • Race: Protoss Protoss
  • Spawn Location: 12:00

Rockstone

  • Race: Terran Terran
  • League: Platinum
  • Spawn Location: 3:00

qqq

  • Race: Zerg Zerg
  • League: Platinum
  • Spawn Location: 6:00

Massa

  • Race: Terran Terran
  • League: Gold
  • Spawn Location: 9:00

VOD

Have the link to the VOD?

Description

Time

  • Played on: July 26, 2020, 3:16 p.m.
  • Length: 29:18
Show
View Real Time Build Order
Export as new Build Order

Tak Protoss 

Build Orders: 1 Gate Expand, Oracle Opening 

Get SALT Encoding   

  12  0:01  Probe  
  13  0:13  Probe  
  14  0:19  Pylon  
  14  0:25  Probe  
  15  0:36  Probe  
  15  0:39  Gateway  
  16  0:47  Probe  
  16  0:48  Assimilator  
  17  0:58  Probe  
  18  1:11  Probe  
  18  1:28  Cybernetics Core  
  18  1:38  Probe  
  18  1:39  Nexus  
  19  1:52  Zealot  
  21  1:54  Warp Gate  
  21  2:01  Pylon  
  21  2:14  Forge  
  21  2:32  Assimilator  
  21  2:46  Gateway  
  21  2:49  Stargate  
  21  2:55  Probe  
  22  3:05  Photon Cannon  
  22  3:10  Pylon  
  22  3:16  Zealot  
  22  3:18  Probe  
  24  3:21  Probe  
  26  3:27  Probe  
  26  3:29  Photon Cannon  
  27  3:42  Oracle  
  27  3:47  Stalker  
  32  4:08  Photon Cannon  
  32  4:11  Stalker  
  33  4:28  Probe x2  
  35  4:35  Void Ray  
  39  4:40  Zealot  
  39  4:41  Zealot  
  43  4:47  Probe x2  
  43  4:48  Pylon  
  45  5:14  Probe  
  45  5:15  Gateway  
  45  5:18  Probe, Gateway  
  47  5:23  Assimilator  
  47  5:30  Probe  
  48  5:43  Probe x2  
  48  5:47  Zealot x2  
  54  5:52  Void Ray  
  54  5:55  Probe x2  
  60  6:19  Probe  
  60  6:24  Pylon  
  61  6:25  Pylon  
  44  6:44  Void Ray  
  46  7:02  Probe  
  47  7:24  Void Ray  
  47  7:27  Protoss Ground Weapons Level 1  
  51  7:33  Stargate  
  51  7:36  Zealot x4  
  59  7:40  Twilight Council  
  59  7:41  Probe x2  
  59  7:42  Gateway, Pylon  
  59  7:43  Assimilator  
  61  7:45  Gateway  
  61  7:53  Probe  
  62  8:02  Probe  
  62  8:06  Probe  
  62  8:10  Probe  
  62  8:12  Pylon  
  64  8:18  Probe  
  66  8:20  Probe  
  67  8:30  Probe  
  60  8:38  Void Ray x2  
  64  9:10  Zealot  
  64  9:11  Zealot x3  
  72  9:19  Probe x2, Dark Shrine  
  72  9:21  Void Ray x2  
  82  9:31  Probe  
  79  9:43  Stalker x3  
  79  9:44  Zealot x2, Stalker  
  91  10:18  Nexus  
  91  10:20  Assimilator  
  91  10:21  Void Ray x2  
  93  10:25  Assimilator  
  87  10:29  Pylon  
  87  10:31  Pylon x2  
  87  10:32  Probe  
  87  10:33  Pylon x2  
  87  10:34  Pylon  
  88  10:37  Dark Templar x2  
  90  11:03  Void Ray  
  94  11:15  Void Ray  
  98  11:25  Zealot x3  
  100  11:26  Zealot x2  
  108  11:46  Void Ray  
  112  12:12  Dark Templar x2  
  112  12:13  Dark Templar x3  
  91  13:07  Protoss Ground Weapons Level 2  
  91  13:12  Nexus  
  87  13:13  Probe  
  87  13:19  Void Ray  
  92  13:20  Void Ray  
  92  13:25  Charge  
  96  13:29  Zealot x4  
  96  13:30  Zealot x2  
  108  13:40  Pylon  
  108  13:41  Pylon  
  108  13:42  Pylon  
  108  13:43  Pylon  
  76  14:43  Photon Cannon  
  76  14:44  Photon Cannon, Dark Templar x2  
  76  14:45  Photon Cannon, Zealot x3  
  84  14:46  Dark Templar  
  84  14:48  Photon Cannon  
  84  14:49  Photon Cannon  
  84  14:50  Photon Cannon  
  88  14:53  Shield Battery  
  72  15:17  Void Ray x2  
  70  16:00  Void Ray  
  70  16:03  Dark Templar x2  
  72  16:04  Zealot x3  
  72  16:05  Zealot  
  80  16:22  Void Ray  
  84  16:28  Probe  
  84  16:29  Robotics Facility  
  84  16:30  Probe  
  86  16:43  Void Ray  
  90  17:05  Void Ray, Dark Templar x2  
  90  17:06  Zealot x2  
  94  17:18  Observer  
  94  17:21  Zealot x2  
  99  17:34  Probe x2  
  101  17:46  Probe  
  101  17:47  Probe  
  103  17:58  Probe  
  82  18:09  Zealot x4  
  82  18:10  Dark Templar x2  
  82  18:12  Immortal  
  85  18:30  Zealot x4  
  85  18:44  Observer  
  85  18:46  Zealot x2  
  89  18:50  Void Ray  
  94  19:03  Observer  
  95  19:15  Zealot x3  
  101  19:21  Dark Templar x2  
  72  20:20  Zealot  
  72  20:21  Zealot x2, Dark Templar  
  74  20:22  Zealot, Dark Templar  
  74  20:25  Void Ray, Immortal  
  88  20:42  Zealot  
  90  20:49  Dark Templar x2  
  94  20:53  Archon  
  95  21:04  Observer  
  72  21:26  Dark Templar x3  
  72  21:27  Zealot x3  
  84  21:42  Nexus  
  84  22:00  Observer  
  85  22:14  Void Ray  
  89  22:21  Immortal  
  81  22:39  Zealot x3  
  81  22:40  Dark Templar  
  81  23:01  Observer  
  78  23:07  Zealot x2  
  78  23:09  Zealot x2  
  86  23:17  Dark Templar  
  88  23:30  Assimilator  
  88  23:34  Pylon  
  88  24:07  Zealot x2  
  88  24:09  Dark Templar x2  
  96  24:13  Observer  
  96  24:15  Assimilator  
  96  24:22  Photon Cannon  
  96  24:23  Shield Battery  
  96  24:26  Shield Battery  
  96  24:32  Observer  
  97  24:47  Zealot x2  
  97  24:48  Dark Templar  
  97  24:49  Zealot x3  
  109  25:10  Void Ray  
  109  25:18  Observer  
  98  25:32  Zealot, Dark Templar  
  98  25:33  Dark Templar  
  102  25:55  Zealot x2  
  102  25:56  Zealot x2  
  106  25:58  Immortal  
  102  26:37  Immortal  
  104  26:54  Probe  
  105  27:03  Photon Cannon  
  105  27:04  Photon Cannon  
  105  27:06  Void Ray  
  109  27:09  Zealot x4  
  109  27:10  Zealot x2  
  119  27:16  Observer  
  85  27:45  Void Ray, Immortal  
  85  27:50  Dark Templar  
  95  28:22  Zealot x4  
  95  28:23  Zealot  
  95  28:25  Observer, Photon Cannon  
  106  28:46  Observer  
Show
View Real Time Build Order
Export as new Build Order

Rockstone Terran 

Build Orders: 2 Factory 

Get SALT Encoding   

  12  0:01  SCV  
  13  0:13  SCV  
  14  0:18  Supply Depot  
  14  0:25  SCV  
  15  0:40  SCV  
  15  0:41  Barracks  
  16  0:46  Refinery  
  16  0:52  SCV  
  17  1:14  SCV  
  18  1:26  SCV  
  18  1:48  Supply Depot  
  18  1:49  Barracks Tech Lab, Orbital Command  
  18  2:04  Command Center  
  18  2:12  Refinery  
  18  2:23  SCV  
  19  2:35  SCV  
  20  2:48  Factory  
  20  2:50  Barracks Reactor, SCV  
  21  3:02  Refinery  
  21  3:03  SCV  
  22  3:13  Factory  
  22  3:15  SCV  
  22  3:17  Refinery  
  22  3:18  Orbital Command  
  23  3:37  Barracks Reactor  
  23  3:38  Infernal Pre-Igniter  
  23  3:39  Hellion  
  25  3:43  Ghost Academy  
  25  3:45  SCV  
  20  4:13  SCV  
  21  4:20  SCV  
  22  4:28  Hellion  
  22  4:30  Hellion x2  
  28  4:49  SCV, Hellion  
  31  4:53  Barracks  
  31  5:02  Armory  
  31  5:04  Hellion x2  
  37  5:20  SCV  
  42  5:28  Hellion x3  
  42  5:29  Hellion  
  42  5:33  SCV  
  45  5:39  SCV  
  45  5:40  Barracks Tech Lab  
  46  6:41  Hellion  
  46  6:53  Terran Vehicle Weapons Level 1  
  46  6:54  Supply Depot  
  46  6:55  Supply Depot  
  46  7:16  SCV x2, Hellion x3, Ghost x2  
  46  7:17  Hellion  
  46  7:20  Personal Cloaking  
  60  7:28  SCV x2  
  62  7:30  Supply Depot  
  62  7:31  Supply Depot  
  62  7:40  SCV x2  
  62  7:41  Hellion  
  66  7:45  Ghost x2  
  70  7:52  Hellion  
  72  8:13  Ghost x2  
  72  8:15  SCV  
  77  8:20  Engineering Bay  
  73  8:42  Ghost  
  75  8:51  Hellion x4  
  83  9:04  SCV  
  84  9:12  Hellion  
  86  9:19  Ghost  
  86  9:22  Supply Depot  
  88  9:24  Supply Depot  
  88  9:26  SCV  
  77  9:51  Ghost x2  
  81  9:57  SCV  
  81  9:58  Nuke  
  60  10:34  Ghost  
  60  10:35  Ghost  
  64  10:37  Hellion  
  50  10:50  SCV x2  
  50  10:52  Hellion  
  54  11:02  SCV  
  59  11:11  Hellion x2  
  59  11:14  SCV  
  59  11:17  SCV  
  61  11:28  Nuke  
  61  11:31  Terran Vehicle And Ship Armor Level 1  
  61  11:40  Ghost Academy  
  61  11:45  Ghost Academy  
  61  11:48  SCV  
  61  11:50  SCV  
  63  12:00  SCV  
  55  12:28  Hellion x3  
  55  12:29  Hellion  
  63  12:39  Nuke  
  63  12:46  Missile Turret  
  63  12:47  Missile Turret  
  63  12:56  Command Center  
  63  12:59  Ghost x2  
  63  13:01  Hellion x4  
  63  13:02  Refinery  
  75  13:06  Refinery  
  75  13:15  Missile Turret  
  75  13:16  Missile Turret  
  75  13:22  Hellion x2  
  79  13:28  Ghost x2  
  77  13:56  Nuke x2  
  77  14:23  Ghost  
  77  14:24  Ghost  
  75  14:31  Hellion x4  
  85  14:33  SCV x2  
  87  14:45  SCV  
  70  14:52  Ghost x2  
  70  15:13  Nuke x2  
  70  15:14  Hellion  
  70  15:15  Hellion  
  70  15:20  Ghost  
  70  15:21  Ghost  
  66  15:55  Planetary Fortress  
  66  16:03  Hellion  
  66  16:04  Hellion x2, Ghost x2  
  76  16:12  Refinery  
  76  16:29  Command Center  
  76  16:31  SCV x2  
  78  17:02  SCV x2  
  78  17:08  Ghost x2  
  80  17:10  SCV, Hellion x4  
  93  17:18  Nuke  
  81  17:54  Ghost  
  55  18:28  Ghost  
  55  18:29  Ghost  
  55  18:30  Widow Mine x2  
  55  18:31  Widow Mine  
  61  18:47  Nuke  
  61  18:52  Orbital Command  
  61  18:59  Hellion  
  61  19:00  Hellion x3  
  54  19:43  Hellion  
  54  19:44  Hellion x3  
  62  20:02  Refinery  
  62  20:05  Hellion x2  
  62  20:06  Hellion x2  
  70  20:09  Command Center  
  70  20:12  Refinery  
  70  20:18  Nuke  
  70  20:26  Hellion  
  70  20:27  Hellion  
  74  20:46  Nuke x2  
  74  20:48  Hellion x2  
  68  21:35  Ghost x2  
  68  21:38  Hellion  
  70  22:09  SCV  
  70  22:10  Ghost  
  70  22:13  Hellion  
  47  23:20  Hellion x3  
  47  23:21  Hellion  
  53  23:45  Planetary Fortress  
  53  23:51  Bunker  
  53  24:01  Terran Vehicle Weapons Level 2  
  53  24:08  Bunker  
  53  24:11  Refinery  
  53  24:14  Refinery  
  54  24:18  Hellion  
  54  24:19  Hellion x3  
  54  24:23  Nuke  
  54  24:24  Nuke  
  61  24:31  SCV x2  
  63  24:40  Hellion x2  
  63  24:45  Bunker  
  67  24:47  SCV x2  
  62  25:18  Hellion x3  
  64  25:39  SCV  
  64  25:40  SCV  
  66  25:53  SCV, Command Center  
  65  26:06  Nuke x3  
  65  26:08  Hellion  
  65  26:09  Hellion x3  
  73  26:14  Ghost x2  
  73  26:17  SCV  
  78  26:30  Hellion x2  
  80  27:12  Nuke x2, Command Center  
  80  27:13  Ghost x2  
  84  27:34  SCV  
  85  27:40  SCV  
  86  27:45  Nuke  
  86  28:07  SCV  
  86  28:08  SCV  
  86  28:10  Nuke  
  86  28:12  Hellion x2, Ghost x2  
  93  28:52  Hellion x2  
  93  28:53  Hellion x2  
Show
View Real Time Build Order
Export as new Build Order

qqq Zerg 

Build Orders: Hatch First 

Get SALT Encoding   

  12  0:01  Drone  
  13  0:09  Drone  
  14  0:36  Hatchery  
  13  0:44  Overlord  
  13  0:47  Drone  
  14  0:50  Extractor  
  14  0:55  Drone  
  14  1:26  Drone x2  
  14  1:27  Drone  
  17  1:45  Drone  
  18  1:50  Spawning Pool  
  18  1:51  Drone  
  18  1:52  Drone  
  19  1:59  Drone  
  20  2:04  Drone  
  21  2:18  Drone  
  21  2:20  Drone  
  23  2:23  Drone  
  24  2:30  Drone  
  24  2:36  Drone  
  26  2:38  Metabolic Boost  
  26  2:41  Hatchery  
  25  2:44  Queen  
  25  2:48  Drone  
  28  2:53  Overlord  
  28  2:57  Overlord  
  28  3:11  Queen  
  30  3:21  Zergling x2  
  30  3:24  Zergling x2  
  30  3:26  Drone  
  33  3:28  Drone  
  33  3:30  Hatchery  
  33  3:31  Zergling x2  
  34  3:34  Zergling x2  
  34  3:36  Drone  
  36  3:42  Drone  
  36  3:46  Zergling x2  
  38  3:49  Drone  
  38  3:54  Overlord  
  38  3:55  Zergling x4  
  41  3:56  Drone  
  41  3:58  Zergling x2  
  43  4:07  Roach Warren  
  43  4:09  Drone  
  43  4:16  Drone x3  
  43  4:17  Drone  
  47  4:20  Spine Crawler  
  47  4:23  Drone x3  
  49  4:25  Zergling x2  
  49  4:28  Overlord  
  50  4:34  Zergling x2  
  50  4:35  Zergling x2  
  52  4:51  Lair, Baneling Nest  
  52  4:52  Drone x6  
  57  4:54  Roach  
  57  4:57  Roach  
  61  5:00  Drone x2  
  61  5:02  Roach  
  61  5:05  Roach  
  67  5:07  Roach  
  67  5:11  Spine Crawler  
  67  5:12  Drone  
  69  5:17  Extractor  
  69  5:20  Spore Crawler  
  67  5:23  Spore Crawler  
  67  5:26  Spore Crawler  
  67  5:27  Drone  
  67  5:28  Drone x4  
  68  5:30  Overlord  
  68  5:33  Overlord  
  70  5:45  Overlord x2  
  71  5:50  Drone x2  
  71  5:51  Roach  
  71  5:52  Roach x3  
  71  5:56  Spore Crawler  
  72  6:04  Hydralisk Den  
  69  6:17  Roach x4  
  69  6:18  Roach x4  
  82  6:29  Spine Crawler  
  79  6:37  Roach x2  
  79  6:39  Zergling x8  
  83  6:40  Zergling x2  
  83  6:44  Zergling x8  
  86  6:49  Spore Crawler  
  86  6:50  Spine Crawler  
  82  6:57  Hydralisk  
  80  7:09  Zergling x8  
  80  7:10  Drone x4  
  80  7:13  Spore Crawler  
  80  7:14  Extractor x2  
  85  7:18  Drone  
  85  7:19  Drone  
  85  7:21  Roach  
  87  7:23  Overlord  
  87  7:24  Hatchery  
  86  7:31  Spore Crawler  
  86  7:35  Spore Crawler  
  86  7:36  Hydralisk x2  
  88  7:38  Overlord x5  
  88  7:44  Drone x2  
  88  7:45  Drone x2  
  88  7:49  Grooved Spines  
  92  7:59  Pneumatized Carapace  
  92  8:00  Drone x2  
  94  8:06  Drone  
  94  8:07  Drone x5  
  94  8:10  Spine Crawler  
  99  8:21  Glial Reconstitution  
  91  8:30  Baneling x4  
  84  8:49  Hydralisk x4  
  84  8:50  Zergling x4  
  84  8:51  Zergling x8  
  84  8:52  Drone x6  
  84  8:53  Drone x2  
  106  9:01  Drone  
  107  9:05  Muscular Augments  
  107  9:08  Drone x2  
  109  9:10  Extractor  
  109  9:14  Evolution Chamber  
  107  9:17  Evolution Chamber  
  106  9:25  Drone x6  
  106  9:26  Drone x2  
  106  9:27  Zergling x4  
  106  9:28  Zergling x4, Roach  
  120  9:41  Drone, Spore Crawler  
  120  9:42  Drone x3  
  120  9:44  Roach  
  120  9:45  Roach x6  
  137  9:53  Zerg Missile Weapons Level 1  
  137  10:08  Baneling x7  
  137  10:09  Baneling  
  137  10:13  Roach  
  79  10:36  Hydralisk x2  
  79  10:38  Roach x4  
  79  10:40  Zergling x12  
  79  10:41  Zergling x6  
  100  10:51  Hatchery, Roach  
  100  10:53  Hatchery  
  100  10:58  Hatchery, Roach  
  100  10:59  Roach x3  
  107  11:22  Hydralisk x7  
  107  11:25  Drone x5  
  125  11:26  Drone x4  
  125  11:28  Extractor  
  125  11:30  Extractor  
  128  11:38  Hydralisk x6  
  140  11:44  Zerg Ground Armor Level 1  
  140  12:04  Hydralisk x3  
  140  12:05  Hydralisk x2  
  140  12:06  Hydralisk  
  140  12:07  Zergling x2  
  147  12:22  Overlord x7  
  121  12:43  Hydralisk x8  
  116  12:47  Hydralisk x3  
  116  12:49  Zergling x12  
  116  12:50  Zergling x6  
  131  12:51  Extractor  
  131  12:53  Extractor  
  119  13:29  Lurker Den  
  118  13:37  Roach x4  
  118  13:38  Roach x8  
  118  13:40  Drone x2  
  118  13:41  Drone x2  
  108  13:51  Roach x4  
  108  13:52  Roach x7  
  124  14:00  Spine Crawler  
  124  14:01  Drone  
  124  14:02  Spine Crawler x2, Roach x3  
  127  14:03  Roach  
  95  14:30  Hydralisk x3  
  95  14:31  Hydralisk x6  
  94  14:33  Drone  
  107  14:40  Zerg Ground Armor Level 2  
  107  14:41  Zerg Missile Weapons Level 2  
  107  14:44  Zergling x10  
  107  14:45  Zergling x4  
  89  15:26  Hatchery  
  89  15:28  Hydralisk x6  
  89  15:34  Lurker  
  96  15:52  Overseer  
  96  16:00  Hatchery  
  95  16:20  Extractor, Lurker Den  
  95  16:21  Drone x2  
  95  16:22  Drone  
  96  16:27  Spore Crawler  
  96  16:30  Spore Crawler  
  96  16:31  Spore Crawler  
  93  16:57  Spore Crawler  
  90  17:19  Drone x3, Hatchery  
  92  17:29  Drone  
  93  17:30  Drone x2  
  93  17:32  Hydralisk  
  92  17:50  Hatchery  
  83  17:56  Hydralisk x5  
  76  18:09  Overseer  
  76  18:28  Hydralisk  
  76  18:29  Roach x3  
  84  18:40  Drone  
  85  18:46  Spore Crawler  
  84  18:55  Spine Crawler  
  82  19:13  Drone  
  82  19:14  Drone  
  82  19:36  Hydralisk x3  
  82  19:37  Hydralisk  
  90  19:40  Lurker  
  91  19:46  Hydralisk  
  93  19:54  Ravager x5  
  93  19:55  Ravager x3  
  101  20:38  Spore Crawler  
  101  20:40  Spore Crawler x2  
  101  20:41  Drone x3, Spine Crawler x2  
  95  20:43  Spine Crawler  
  58  21:25  Drone x3  
  40  21:26  Hydralisk x4  
  48  21:40  Roach x2  
  52  21:49  Extractor  
  41  22:21  Roach x4  
  41  22:22  Spine Crawler  
  47  22:30  Lurker  
  47  22:32  Ravager  
  47  22:35  Ravager  
  48  22:48  Spine Crawler  
  47  23:08  Hydralisk  
  47  23:09  Hydralisk  
  51  23:32  Ravager x3  
  51  23:33  Ravager  
  55  24:06  Drone  
  55  24:08  Hydralisk x3  
  59  24:10  Zergling x2  
  60  24:25  Hydralisk  
  62  24:45  Overseer  
  38  25:35  Roach  
  38  25:36  Roach x5  
  48  25:44  Roach x2  
  48  26:11  Ravager x4  
  47  26:15  Ravager x3  
  30  27:54  Zergling x10  
  30  27:55  Zergling x2  
  36  28:27  Hatchery  
  35  28:44  Hydralisk x4  
  43  28:48  Zergling x2  
Show
View Real Time Build Order
Export as new Build Order

Massa Terran 

Build Orders:  

Get SALT Encoding   

  12  0:02  SCV  
  13  0:17  Supply Depot  
  13  0:18  SCV  
  14  0:30  SCV  
  15  0:39  Barracks  
  15  0:42  SCV  
  16  0:54  SCV  
  16  0:55  Refinery  
  17  1:06  SCV  
  17  1:18  SCV  
  18  1:30  SCV  
  19  1:40  Barracks  
  19  1:46  SCV  
  20  1:51  Reaper  
  21  1:54  Supply Depot  
  21  1:58  SCV  
  22  2:01  Supply Depot  
  22  2:10  SCV  
  23  2:23  Reaper  
  24  2:35  SCV  
  24  2:44  Reaper  
  24  2:47  SCV  
  26  2:56  Reaper  
  27  3:02  Command Center  
  27  3:04  Orbital Command  
  27  3:05  Refinery  
  27  3:21  Marine  
  28  3:27  Marine  
  29  3:38  Marine  
  30  3:45  Marine  
  31  4:07  Marine x2  
  32  4:25  Marine x2  
  32  4:42  Marine  
  32  4:43  Marine  
  33  4:48  SCV x2  
  35  4:58  Factory  
  35  5:00  SCV, Marine  
  35  5:04  Barracks  
  38  5:07  Orbital Command  
  38  5:09  Barracks  
  38  5:12  SCV, Supply Depot  
  38  5:16  Engineering Bay  
  38  5:23  Barracks Tech Lab  
  38  5:24  SCV  
  39  5:31  Barracks Tech Lab  
  39  5:36  Supply Depot  
  39  5:37  SCV x2  
  41  5:44  Terran Infantry Weapons Level 1  
  41  5:48  Missile Turret  
  41  5:49  SCV x2  
  43  5:51  Missile Turret  
  43  5:56  Missile Turret  
  43  5:58  Factory Tech Lab  
  43  5:59  Supply Depot  
  43  6:01  SCV, Marauder x2  
  43  6:02  Barracks Reactor  
  48  6:04  Barracks Reactor  
  41  6:20  Siege Tank  
  41  6:22  Marauder, Supply Depot  
  41  6:23  Marauder  
  47  6:45  Stimpack  
  47  6:49  Marauder x2, Marine  
  47  6:50  Marine x3  
  47  6:52  Siege Tank  
  58  7:06  Bunker  
  58  7:07  Marine x4  
  62  7:10  Marauder, Marine  
  65  7:24  Siege Tank  
  65  7:25  Marine x3  
  65  7:28  Marauder  
  73  7:31  Marauder  
  73  7:35  SCV x2, Missile Turret  
  77  7:43  Terran Infantry Armor Level 1  
  77  7:46  Armory  
  77  7:47  SCV x2  
  77  7:49  Refinery, Marauder  
  81  7:54  Command Center  
  81  7:59  SCV  
  81  8:04  Starport  
  82  8:10  Supply Depot  
  82  8:14  Missile Turret  
  80  8:53  Marauder x2, Marine x4  
  86  8:57  Widow Mine  
  88  9:06  Concussive Shells  
  88  9:08  Combat Shield  
  88  9:11  Marine x4  
  88  9:14  Marauder  
  88  9:15  Marauder  
  96  9:18  Widow Mine  
  98  9:28  Marine  
  98  9:29  SCV  
  98  9:30  SCV  
  101  9:36  Marauder x2  
  82  9:41  SCV  
  82  9:42  SCV  
  69  9:51  Marine x4  
  71  9:53  SCV  
  71  9:54  SCV  
  71  9:57  Marauder x2  
  71  9:58  Widow Mine  
  79  10:06  SCV x2  
  81  10:08  Marine  
  81  10:09  Marine x2  
  80  10:18  SCV x2  
  80  10:19  Widow Mine, Marauder x2  
  65  10:22  Marine  
  65  10:26  Marine  
  65  10:27  Marine  
  66  10:28  Marine  
  66  10:30  SCV x2  
  69  10:36  Bunker  
  69  10:40  Widow Mine, Marauder x2  
  57  10:52  Missile Turret  
  57  10:56  Marine x2  
  54  10:57  Marine  
  54  11:02  Marauder  
  55  11:05  Barracks Tech Lab, Bunker  
  54  11:19  Missile Turret x2  
  54  11:20  Missile Turret  
  54  11:21  Missile Turret  
  54  11:23  Marauder  
  56  11:34  Marine  
  56  11:35  Marine x3  
  61  11:44  Marauder  
  60  11:52  Marine x3  
  63  11:54  Starport  
  63  11:58  Starport, Missile Turret  
  63  11:59  Marine  
  63  12:06  Marauder  
  60  12:10  Marine x3  
  58  12:16  Marine  
  58  12:17  Command Center  
  58  12:19  Widow Mine  
  54  12:27  Marine  
  54  12:28  Marine  
  57  12:34  Marine  
  57  12:41  Widow Mine  
  54  12:44  Marine  
  54  12:47  Missile Turret x2  
  54  12:50  Missile Turret  
  55  12:52  Supply Depot x3  
  55  12:53  Supply Depot  
  55  13:13  Marine x3  
  55  13:14  Widow Mine  
  55  13:16  Supply Depot  
  55  13:18  Engineering Bay  
  60  13:27  SCV  
  60  13:31  Marine x3  
  64  13:35  Widow Mine  
  64  13:38  Refinery  
  64  13:39  SCV  
  67  13:49  Marine x3  
  67  13:50  Orbital Command  
  67  13:51  SCV  
  71  14:03  SCV  
  71  14:06  Barracks, Thor  
  71  14:07  Marine x3  
  81  14:15  SCV  
  82  14:24  Marine x2  
  82  14:25  Marauder  
  86  14:42  Marine x2  
  58  14:46  Marine  
  58  14:49  Thor  
  62  14:56  Marauder  
  64  15:00  Marine x2  
  64  15:03  Barracks  
  64  15:04  Marauder  
  66  15:17  Marauder  
  66  15:18  Marine x2  
  70  15:26  Marauder  
  72  15:36  Marine x2  
  72  15:38  Marauder  
  76  15:47  Marauder  
  72  15:54  Marine  
  72  15:55  Marine  
  74  16:00  Marauder  
  76  16:05  Command Center  
  76  16:08  Marauder  
  76  16:10  Widow Mine  
  80  16:12  Marine  
  80  16:13  Marine  
  82  16:21  Marauder  
  84  16:30  Marauder, Marine  
  84  16:32  Widow Mine  
  89  16:42  Marauder  
  91  16:47  SCV  
  91  16:51  Marauder  
  91  16:53  Widow Mine  
  96  16:59  SCV  
  97  17:02  Marine x2  
  97  17:04  Marauder  
  101  17:11  SCV  
  101  17:12  Marauder  
  101  17:15  Widow Mine  
  106  17:20  Marine  
  107  17:25  Marauder, Missile Turret  
  107  17:27  SCV  
  107  17:28  SCV  
  111  17:40  SCV x2  
  113  17:52  SCV x2  
  51  18:42  Marauder x2  
  51  18:43  Marine x2  
  51  18:45  Thor  
  63  18:50  Planetary Fortress  
  63  18:57  Refinery  
  63  19:01  Marine x2  
  65  19:03  Marauder x2  
  69  19:19  Marine x2  
  71  19:24  Marauder  
  71  19:25  Marauder  
  71  19:28  Thor  
  81  19:36  Marine  
  81  19:37  Marine  
  75  19:46  Marauder x2  
  79  19:54  Marine  
  60  20:07  Marauder x2  
  60  20:08  Command Center  
  64  20:17  Missile Turret  
  64  20:27  Marine x2  
  66  20:29  Marauder x2  
  70  20:36  Missile Turret  
  70  20:48  Marine  
  71  21:28  Planetary Fortress  
  71  21:44  Marauder, Marine  
  68  22:38  Marine  
  68  22:39  Marauder x2, Marine  
  68  22:42  Widow Mine  
  74  22:56  Marine  
  74  22:57  Marine  
  63  23:00  Marauder, Marine  
  63  23:03  Widow Mine  
  54  23:14  Marine x2  
  54  23:18  Marauder  
  58  23:22  Marauder  
  58  23:25  Widow Mine  
  62  23:32  Marine x2  
  64  23:40  Marauder  
  66  23:43  Marauder  
  66  23:46  Widow Mine  
  66  23:48  Orbital Command  
  70  23:50  Marine x2  
  72  24:01  Marauder  
  74  24:04  Marauder  
  74  24:08  Widow Mine  
  78  24:10  Missile Turret  
  78  24:14  SCV  
  78  24:15  SCV  
  80  24:27  SCV x2  
  80  24:30  Missile Turret  
  82  24:39  SCV, Marauder x2, Marine x2  
  82  24:42  Widow Mine  
  88  24:56  Marine  
  88  24:57  Marine  
  81  25:00  Marauder x2  
  81  25:03  Widow Mine  
  76  25:14  Marine x2  
  76  25:22  Marauder x2  
  76  25:25  Widow Mine  
  82  25:32  Marine x2  
  84  25:43  Marauder x2  
  84  25:46  Siege Tank  
  64  25:58  Marine x2  
  66  26:04  Marauder  
  66  26:05  Marauder  
  66  26:11  Missile Turret  
  70  26:16  Marine  
  70  26:18  Siege Tank  
  62  26:22  Marine  
  59  26:26  Marauder x2  
  59  26:30  Missile Turret  
  63  26:34  Marine  
  64  26:40  Marine  
  65  26:47  Marauder x2  
  65  26:50  Widow Mine  
  65  26:51  Marine  
  70  26:54  SCV x2  
  70  26:58  SCV, Marine  
  74  27:06  SCV  
  74  27:07  SCV  
  76  27:08  Marauder  
  76  27:09  Marauder, Marine  
  76  27:10  SCV  
  76  27:12  Widow Mine  
  80  27:16  Marine  
  80  27:18  SCV  
  80  27:19  SCV  
  80  27:22  SCV  
  75  27:27  Marine  
  54  27:30  Marauder x2  
  54  27:31  SCV  
  54  27:32  Missile Turret  
  54  27:33  Widow Mine  
  57  27:43  SCV  
  39  27:51  Marauder x2  
  37  28:16  Missile Turret  
  37  28:26  Marine x2  
  37  28:27  Marauder x2  
  43  28:36  Missile Turret  
  43  28:44  Marine  
Tags
 
Add a new tag
Caveats
  • Supply blocks, unpowered buildings, or Contaminate may cause inaccurate times.
  • Supply counts are checked every 10 seconds.